 Dungeon Crawl Stone Soup version 0.26-a0-1139-g7d2dc893a1 (webtiles) character file.

Game seed: 12112435405254263424

31 midijamz the Skirmisher (level 3, 0/33 HPs)
             Began as a Minotaur Monk on Dec 11, 2020.
             Slain by Sigmund
             ... wielding a +0 scythe
              (8 damage)
             ... on level 2 of the Dungeon on Dec 21, 2020.
             The game lasted 00:03:17 (1328 turns).

midijamz the Skirmisher (Minotaur Monk)             Turns: 1328, Time: 00:03:17

Health: 0/33       AC:  2    Str: 16    XL:     3   Next: 7%
Magic:  2/2        EV: 13    Int:  7    God:
Gold:   37         SH:  0    Dex: 12    Spells: 2/2 levels left

rFire    . . .     SeeInvis .   a - +0 mace
rCold    . . .     Faith    .   (no shield)
rNeg     . . .     Spirit   .   b - +0 robe
rPois    .         Reflect  .   (helmet restricted)
rElec    .         Harm     .   (no cloak)
rCorr    .         Rampage  .   (no gloves)
Will     .....                  (no boots)
Stlth    ++........             (no amulet)
HPRegen  0.11/turn              (no ring)
MPRegen  0.08/turn              (no ring)

@: no status effects
A: retaliatory headbutt, horns 2
a: no special abilities


You were on level 2 of the Dungeon.
You visited 1 branch of the dungeon, and saw 2 of its levels.

You collected 37 gold pieces.

Inventory:

Hand Weapons
 a - a +0 mace (weapon)
Armour
 b - a +0 robe (worn)
Scrolls
 c - a scroll of teleportation {unknown}
 d - 3 scrolls of remove curse {unknown}
 g - a scroll of identify {unknown}
Potions
 e - a potion of berserk rage {unknown}
 f - a potion of haste {unknown}
 h - a potion of attraction {unknown}


   Skills:
 + Level 4.2 Fighting
 + Level 4.1 Maces & Flails
 + Level 3.6 Dodging
 + Level 1.9 Stealth


You had 2 spell levels left.
You didn't know any spells.
Your spell library was empty.

Dungeon Overview and Level Annotations

Branches:
Dungeon (2/15)

Altars:

Annotations:
D:2 Sigmund


Innate Abilities, Weirdness & Mutations

You reflexively headbutt those who attack you in melee.
You have a pair of horns on your head.


Message History

Sigmund hits you from afar with a +0 scythe.
A rat comes into view.
Sigmund hits you with a +0 scythe.
There is an escape hatch in the ceiling here.
You closely miss Sigmund.
Autopickup is now off.
Autopickup is now on.
You barely miss Sigmund. Your headbutt misses Sigmund.
Sigmund completely misses you.
You hit Sigmund.
Sigmund is lightly wounded.
Sigmund mumbles some strange words.
Sigmund flickers and vanishes!
Deactivating autopickup; reactivate with Ctrl-A.
You barely miss something. Something hits you!
You barely miss something. Something barely misses you.
You closely miss something. The rat bites you.
* * * LOW HITPOINT WARNING * * *
Something hits you!
You die...

#######
#....<######
#..........#
#.###).....# #
#.....@..##
#....r.{.......
#.#......##....
.....###.## ...
#.....?. #.# ..
#....... #.# #
....#.......#
......#..##..
.....#.>#


You could see a rat.

Vanquished Creatures
  An adder (D:2)
  An ooze (D:1)
  A dart slug (D:1)
  A giant cockroach (D:2)
  3 goblins
  A hobgoblin (D:1)
  A jackal (D:1)
  A bat (D:1)
  4 kobolds (D:1)
  2 rats (D:1)
16 creatures vanquished.

Notes
Turn   | Place    | Note
-------+----------+-------------------------------------------
     0 | D:1      | midijamz the Minotaur Monk began the quest for the Orb.
     0 | D:1      | Reached XP level 1. HP: 19/19 MP: 0/0
   447 | D:1      | Reached XP level 2. HP: 27/27 MP: 1/1
   574 | D:1      | Upgraded the game from 0.26-a0-1040-gbe3abf3417 to
                  | 0.26-a0-1139-g7d2dc893a1
   839 | D:2      | Noticed Sigmund
   848 | D:2      | Reached XP level 3. HP: 20/33 MP: 2/2
  1328 | D:2      | Slain by Sigmund

Illustrated notes

Levels and vault maps discovered:
D:1:      dpeg_arrival_boxes_within_box, layout_loops_ring,
          corexii_leaking_fountain, minmay_quantized
D:2:      layout_loops_cross, lemuel_round_altar,
          gammafunk_temple_overflow_wave, nemelex_xobeh_ov_fountains_minmay,
          grunt_gozag_statues, uniq_sigmund

Skill      XL: |  1  2 |
---------------+-------+-----
Fighting       | 4 |  4.2
Maces & Flails | 4 |  4.1
Dodging        | |  3.6
Stealth        | |  1.9

Action                   || total
-------------------------++-------
Melee: Mace              ||    47
       Headbutt          ||     4
 Stab: Sleeping          ||     4
Armor: Robe              ||     7
Dodge: Dodged            ||    36

Table legend: (Time is in decaauts)
 A = Elapsed time spent in this place.
 B = Non-inter-level travel time spent in this place.
 C = Inter-level travel time spent in this place.
 D = Time resting spent in this place.
 E = Time spent auto-exploring this place.
 F = Levels seen in this place.
 G = Mean time per level.
                   A        B        C        D        E       F      G
               +--------+--------+--------+--------+--------+-----+--------+
         Total |   1339 |   1325 |     14 |    438 |    731 |   2 |  669.5 |
       Dungeon |   1339 |   1325 |     14 |    438 |    731 |   2 |  669.5 |
               +--------+--------+--------+--------+--------+-----+--------+

Top non-repeatable levels by time:
     D:1: 1293 daAuts
     D:2: 46 daAuts
